 Dungeon Crawl Stone Soup version 0.27-a0-34-gc18c9092ac (webtiles) character file.

Game seed: 6493673606279707389

101395 kae the Black Belt (level 15, -3/103 HPs)
             Began as a Demonspawn Monk on Jan 4, 2021.
             Was the Champion of Wu Jian.
             Slain by an orc knight
             ... wielding a +0 battleaxe
              (11 damage)
             ... on level 2 of the Orcish Mines.
             The game lasted 00:23:10 (26824 turns).

kae the Black Belt (Demonspawn Monk)               Turns: 26824, Time: 00:23:11

Health: -3/103     AC: 26    Str: 23      XL:     15   Next: 83%
Magic:  15/15      EV: 22    Int:  4 (7)  God:    Wu Jian [******]
Gold:   2512       SH:  0    Dex: 19      Spells: 14/14 levels left

rFire    + + .     SeeInvis +     - Unarmed
rCold    + . .     Faith    +   (no shield)
rNeg     + . .     Spirit   .   A - +7 chain mail "Orhel" {rF+ rC+ Int-4}
rPois    +         Reflect  .   B - +2 hat
rElec    +         Harm     .   r - +1 cloak
rCorr    .         Rampage  .   R - +2 pair of gloves {archery}
Will     +....     Rnd*Rage +   (boots unavailable)
Stlth    ..........             K - amulet "Wifin" {Faith rElec rPois Dex+4}
HPRegen  0.27/turn              d - +6 ring of strength
MPRegen  0.14/turn              P - ring "Luhos" {EV+4 SInv}

@: about to teleport, berserk cooldown, slowed, very slow
A: talons 3, repulsion field 2, berserk 1, clumsy 1, demonic guardian 1,
deterioration 1, fire resistance 1, frail 1, negative energy resistance 1, 50%
torment resistance, flame cloud immunity, subdued magic 1
a: Renounce Religion, Wall Jump, Serpent's Lash, Heavenly Storm


You were on level 2 of the Orcish Mines.
You worshipped Wu Jian.
Wu Jian was exalted by your worship.
You visited 4 branches of the dungeon, and saw 23 of its levels.

You collected 2512 gold pieces.

Inventory:

Armour
 r - a +1 cloak (worn)
 A - the +7 chain mail "Orhel" (worn) {rF+ rC+ Int-4}
   (You found it on level 9 of the Dungeon)

   It affects your intelligence (-4).
   It protects you from fire.
   It protects you from cold.
 B - a +2 hat (worn)
 R - a +2 pair of gloves of archery (worn)
Jewellery
 d - a +6 ring of strength (left hand)
 g - a +6 ring of strength
 j - an uncursed ring of ice
 k - a +6 ring of intelligence
 p - an uncursed amulet of reflection
 s - an uncursed ring of magical power
 E - an uncursed ring of poison resistance
 J - a +4 ring of evasion
 K - the amulet "Wifin" (around neck) {Faith rElec rPois Dex+4}
   (You found it on level 3 of the Lair of Beasts)

   [amulet of faith]

   It allows you to gain divine favour quickly.
   It affects your dexterity (+4).
   It insulates you from electricity.
   It protects you from poison.
 N - an uncursed amulet of faith
 P - the ring "Luhos" (right hand) {EV+4 SInv}
   (You found it on level 6 of the Lair of Beasts)

   [ring of evasion]

   It affects your evasion (+4).
   It lets you see invisible.
Wands
 t - a wand of flame (19)
 w - a wand of polymorph (13)
 y - a wand of enslavement (12)
 D - a wand of iceblast (29)
 F - a wand of disintegration (11)
 O - a wand of digging (6)
Scrolls
 a - 2 scrolls of magic mapping
 f - 6 scrolls of teleportation
 h - 9 scrolls of fog
 m - 4 scrolls of amnesia
 q - 7 scrolls of remove curse
 u - a scroll of fear
 v - 12 scrolls of identify
 H - 3 scrolls of blinking
 I - 3 scrolls of enchant weapon
Potions
 b - 4 potions of might
 c - 2 potions of ambrosia
 e - a potion of invisibility
 i - 5 potions of curing
 l - 3 potions of cancellation
 n - 5 potions of lignification
 x - 4 potions of flight
 C - 2 potions of berserk rage
 L - 2 potions of haste
 M - a potion of brilliance


   Skills:
 - Level 10.0 Fighting
 - Level 10.0 Armour
 - Level 10.1 Dodging
 - Level 1.7 Stealth
 * Level 19.2 Unarmed Combat
 - Level 5.0 Evocations


You had 14 spell levels left.
You didn't know any spells.
Your spell library contained the following spells:

 Spells                   Type           Power        Failure   Level
 Animate Skeleton         Necr           0%           96%         1
 Apportation              Tloc           0%           96%         1
 Corona                   Hex            0%           96%         1
 Summon Small Mammal      Summ           0%           96%         1


Dungeon Overview and Level Annotations

Branches:
Dungeon (14/15)            Temple (1/1) D:5            Lair (6/6) D:10
  Swamp (0/4) Lair:3        Snake (0/4) Lair:2        Slime (0/5) Lair:5
    Orc (2/2) D:10            Elf (0/3) Orc:2        Vaults (0/5) D:13

Altars:
Cheibriados
Elyvilon
Fedhas
Gozag
Hepliaklqana
Kikubaaqudgha
Makhleb
Nemelex Xobeh
Okawaru
Qazlal
Ru
Sif Muna
Trog
Uskayaw
Vehumet
Wu Jian
Xom
Yredelemnul
Zin
The Shining One
Beogh
Jiyva

Shops:
D:13 *   Orc:1 =   Orc:2 ?

Annotations:
Lair:3 3 runed translucent doors, Abbuteuv's ghost, journeyman DsCj
Lair:6 exclusion: oklob plant


Innate Abilities, Weirdness & Mutations

You have claws for feet.
You are surrounded by a moderate repulsion field. (EV +3)
A weak demonic guardian rushes to your aid.
Your flesh is heat resistant. (rF+)
You resist negative energy. (rN+)
You are somewhat able to resist unholy torments (1 in 2 success).
You are immune to clouds of flame.
You tend to lose your temper in combat.
You are clumsy. (Dex -2)
Your body sometimes deteriorates upon taking damage.
You are frail. (-10% HP)
Your spells are a little easier to cast, but a little less powerful.


Message History

The ice devil completely misses you.
The orc knight hits you but does no damage.
The ynoxinul gestures.
The orc sorcerer completely misses you.
The orc knight roars a battlecry!
The orc knight goes into a battle-frenzy!
You barely miss the orc high priest.
You claw the orc high priest, but do no damage.
The orc high priest is lightly wounded.
The orc high priest no longer looks unusually strong.
The orc high priest calls down the wrath of Beogh upon you.
You resist with significant effort. The orc high priest closely misses you.
The orc warrior closely misses you. The orc warrior completely misses you.
The ice devil closely misses you.
The ynoxinul gestures.
The orc sorcerer points at you and mumbles some strange words.
The bolt of fire hits you! You resist.
* * * LOW HITPOINT WARNING * * *
The orc knight hits you with a +0 battleaxe!
You die...

.....# #.##.#######.#
..##.# ......
#.###.##.#.#.. ...#.#
......#####.##......####
..#..#
.................#.#....
..##.#
......#####.##....###...
.....# .....o.##.##.#.##
###. .....#
.ooo.##.##.### ##.
.....# #ooo##.##.# ##..
...#.# #. # ##4@##..##..
#... .....#
#∩.#.##3oo##.###.# ##..
.....# #...5555##..# ###
##. ...#.# ##..5)5##..##
#### ....## #####....##
##.## ...## ###### #...#
..## #...# ### ##..#
##...


You could see 2 orc knights, 2 orc high priests, an ice devil (summoned), a
ynoxinul (summoned), an orc sorcerer (strong), 2 orc warriors, 2 orc wizards and
6 ufetubi.

Vanquished Creatures
  Frances (D:13)
  2 ettins (D:10)
  An ogre mage (D:13)
  A boulder beetle (D:10)
  7 two-headed ogres
  12 hydras
  4 centaur warriors
  3 catoblepae (Lair:6)
  14 death yaks
  3 orc high priests
  4 skeletal warriors
  2 unseen horrors (D:14)
  4 orc knights
  15 ugly things
  2 wolf spider zombies
  A cyclops (D:11)
  4 manticores
  5 orc sorcerers
  5 black mambas
  18 elephants (Lair:6)
  10 cane toads
  2 gargoyles
  2 kobold demonologists
  Maggie (D:6)
  An efreet (D:14)
  3 rime drakes
  9 komodo dragons
  7 trolls
  3 meliai (D:12)
  3 polar bears
  Grinder (D:3)
  7 blink frogs
  A slime creature (D:7)
  A meliai zombie (D:13)
  A shadow (D:14)
  A wyvern (Lair:6)
  62 yaks
  2 vampires
  A steam dragon (Lair:4)
  4 basilisks
  8 vampire mosquitoes
  3 wargs
  2 acid dragons
  Duvessa (D:6)
  3 soldier ants
  16 water moccasins
  A swamp drake (D:10)
  25 orc warriors
  5 ice beasts
  3 black bears
  An eye of draining (D:12)
  2 phantoms
  3 sky beasts
  20 ogres
  38 wolves
  22 centaurs
  A big kobold (D:12)
  17 bullfrogs
  Dowan (D:6)
  2 scorpions
  10 killer bees
  3 howler monkeys
  20 wights
  An electric eel (D:7)
  2 quasits
  6 centaur zombies
  A bullfrog zombie (D:12)
  4 jellies
  3 bullfrog skeletons
  7 hounds
  19 orc priests
  19 orc wizards
  8 centaur skeletons
  6 iguanas
  Terence (D:3)
  Jessica (D:2)
  12 hell rats
  9 worker ants
  A hound zombie (D:7)
  A howler monkey zombie (D:7)
  A worker ant zombie (D:9)
  13 gnolls
  15 adders
  A howler monkey skeleton (D:6)
  2 white imps
  An ufetubus (D:10)
  An adder skeleton (D:5)
  3 worms
  A dart slug (D:1)
  7 leopard geckos
  70 orcs
  5 giant cockroaches
  10 goblins
  9 hobgoblins
  17 jackals
  5 quokkas
  6 ball pythons
  10 bats
  3 frilled lizards
  13 kobolds
  A leopard gecko skeleton (D:9)
  2 leopard gecko zombies
  9 rats
743 creatures vanquished.

Vanquished Creatures (collateral kills)
  A hydra (Lair:2)
  A two-headed ogre (D:10)
  An elephant (Lair:6)
  A black mamba (Lair:2)
  A rime drake (Lair:2)
  A cane toad (Lair:1)
  A troll (D:11)
  2 yaks (Lair:6)
  A water moccasin (Lair:2)
  An orc warrior (D:10)
  A wolf (Lair:4)
  A bullfrog (D:10)
  A killer bee (D:11)
  A gnoll (D:6)
  2 adders
  2 orcs
19 creatures vanquished.

Vanquished Creatures (others)
  A bush (Lair:6)
  28 fungi
  32 plants
61 creatures vanquished.

Grand Total: 823 creatures vanquished

Notes
Turn   | Place    | Note
-------+----------+-------------------------------------------
     0 | D:1      | kae the Demonspawn Monk began the quest for the Orb.
     0 | D:1      | Reached XP level 1. HP: 18/18 MP: 1/1
   167 | D:1      | Reached skill level 3 in Unarmed Combat
   221 | D:1      | Gained mutation: You are surrounded by a mild repulsion
                  | field. (EV +2) [demonic ancestry]
   221 | D:1      | Reached XP level 2. HP: 24/24 MP: 2/2
   856 | D:2      | Noticed Jessica
   872 | D:2      | Killed Jessica
   873 | D:2      | Gained mutation: You have sharp toenails. [demonic
                  | ancestry]
   873 | D:2      | Reached XP level 3. HP: 12/30 MP: 3/3
  1368 | D:2      | Reached XP level 4. HP: 33/37 MP: 4/4
  1612 | D:2      | Reached skill level 4 in Unarmed Combat
  1796 | D:3      | Noticed Terence
  1811 | D:3      | Killed Terence
  1812 | D:3      | Reached XP level 5. HP: 30/42 MP: 5/5
  2144 | D:3      | Reached skill level 5 in Unarmed Combat
  2482 | D:3      | Noticed Grinder
  2485 | D:3      | Paralysed by Grinder for 5 turns
  2498 | D:3      | Killed Grinder
  2499 | D:3      | Reached skill level 6 in Unarmed Combat
  2499 | D:3      | Gained mutation: A weak demonic guardian rushes to your
                  | aid. [demonic ancestry]
  2499 | D:3      | Reached XP level 6. HP: 33/48 MP: 6/6
  3061 | D:4      | Gained mutation: You have razor-sharp toenails. [demonic
                  | ancestry]
  3061 | D:4      | Reached XP level 7. HP: 50/54 MP: 7/7
  3323 | D:5      | Entered Level 5 of the Dungeon
  3324 | D:5      | Found a staircase to the Ecumenical Temple.
  3344 | Temple   | Entered the Ecumenical Temple
  3439 | Temple   | Became a worshipper of the Wu Jian Council
  3439 | Temple   | Reached * piety under Wu Jian
  3439 | Temple   | Reached ** piety under Wu Jian
  3546 | D:5      | Reached skill level 7 in Unarmed Combat
  4176 | D:6      | Found a shimmering blue altar of Sif Muna.
  4202 | D:6      | Noticed Duvessa
  4202 | D:6      | Noticed Dowan
  4217 | D:6      | Reached skill level 8 in Unarmed Combat
  4221 | D:6      | Noticed Maggie
  4225 | D:6      | Killed Duvessa
  4231 | D:6      | Killed Dowan
  4232 | D:6      | Gained mutation: Your flesh is heat resistant. (rF+)
                  | [demonic ancestry]
  4232 | D:6      | Reached XP level 8. HP: 53/60 MP: 8/8
  4236 | D:6      | Killed Maggie
  4237 | D:6      | Reached skill level 9 in Unarmed Combat
  4337 | D:6      | Reached skill level 10 in Unarmed Combat
  4749 | D:6      | Reached *** piety under Wu Jian
  4864 | D:7      | Gained mutation: You are immune to clouds of flame.
                  | [demonic ancestry]
  4864 | D:7      | Reached XP level 9. HP: 65/65 MP: 9/9
  4881 | D:7      | Reached skill level 11 in Unarmed Combat
  5503 | D:7      | Reached skill level 12 in Unarmed Combat
  5556 | D:7      | Noticed a manticore
  5559 | D:7      | Killed a manticore
  6303 | D:8      | Reached **** piety under Wu Jian
  6336 | D:8      | Gained mutation: You have claws for feet. [demonic
                  | ancestry]
  6336 | D:8      | Reached XP level 10. HP: 53/71 MP: 10/10
  6660 | D:8      | Reached skill level 5 in Dodging
  7567 | D:9      | Reached skill level 5 in Armour
  7824 | D:9      | Got an encrusted chain mail
  7835 | D:9      | Identified the +7 chain mail "Orhel" {rF+ rC+ Int-4} (You
                  | found it on level 9 of the Dungeon)
  7848 | D:10     | Entered Level 10 of the Dungeon
  7922 | D:10     | Noticed a death yak
  7935 | D:10     | Killed a death yak
  7939 | D:10     | Noticed a death yak
  7942 | D:10     | Noticed a death yak
  7958 | D:10     | Killed a death yak
  8241 | D:9      | Killed a death yak
  8479 | D:10     | Gained mutation: You are surrounded by a moderate repulsion
                  | field. (EV +3) [demonic ancestry]
  8479 | D:10     | Reached XP level 11. HP: 76/77 MP: 11/11
  8495 | D:10     | Found a staircase to the Lair.
  8620 | D:10     | Noticed a boulder beetle
  8621 | D:10     | Found a white marble altar of Elyvilon.
  8622 | D:10     | Noticed a two-headed ogre
  8651 | D:10     | Killed a two-headed ogre
  8654 | D:10     | Reached ***** piety under Wu Jian
  9120 | D:10     | Found a staircase to the Orcish Mines.
  9179 | D:10     | Killed a boulder beetle
  9399 | D:10     | Noticed a two-headed ogre
  9407 | D:10     | Killed a two-headed ogre
 10034 | D:11     | Noticed a two-headed ogre
 10039 | D:11     | Killed a two-headed ogre
 10281 | D:11     | Noticed a two-headed ogre
 10287 | D:11     | Killed a two-headed ogre
 10827 | D:11     | Gained mutation: You resist negative energy. (rN+) [demonic
                  | ancestry]
 10827 | D:11     | Reached XP level 12. HP: 83/83 MP: 12/12
 10834 | D:11     | Reached skill level 10 in Dodging
 11094 | D:11     | Reached skill level 10 in Armour
 11248 | Lair:1   | Entered Level 1 of the Lair of Beasts
 11269 | Lair:1   | Reached skill level 1 in Evocations
 11745 | Lair:1   | Found a glowing golden altar of the Shining One.
 12271 | Lair:2   | Noticed a five-headed hydra
 12277 | Lair:2   | Killed a five-headed hydra
 12401 | Lair:2   | Noticed a six-headed hydra
 12406 | Lair:2   | Killed a six-headed hydra
 12407 | Lair:2   | Reached skill level 5 in Fighting
 12807 | Lair:2   | Found a staircase to the Snake Pit.
 13094 | Lair:2   | Noticed a six-headed hydra
 13102 | Lair:2   | Killed a six-headed hydra
 13103 | Lair:2   | Reached skill level 13 in Unarmed Combat
 13738 | Lair:3   | Noticed a seven-headed hydra
 13747 | Lair:3   | Killed a seven-headed hydra
 14059 | Lair:3   | Reached XP level 13. HP: 74/94 MP: 13/13
 14157 | Lair:3   | Found a runed translucent gate.
 14157 | Lair:3   | Found a runed translucent gate.
 14157 | Lair:3   | Found a runed translucent gate.
 14200 | Lair:3   | Got a bound emerald amulet
 14451 | Lair:3   | Found a staircase to the Swamp.
 14470 | Lair:3   | Reached ****** piety under Wu Jian
 14475 | Lair:3   | Reached skill level 5 in Evocations
 14741 | Lair:3   | Noticed Abbuteuv's ghost (journeyman DsCj)
 15505 | Lair:4   | Reached skill level 14 in Unarmed Combat
 16071 | Lair:4   | Identified the amulet "Wifin" {Faith rElec rPois Dex+4}
                  | (You found it on level 3 of the Lair of Beasts)
 16889 | Lair:5   | Found a viscous altar of Jiyva.
 16890 | Lair:5   | Found a staircase to the Slime Pits.
 17419 | Lair:6   | Entered Level 6 of the Lair of Beasts
 17710 | Lair:6   | Reached skill level 15 in Unarmed Combat
 17770 | Lair:6   | Gained mutation: You are somewhat able to resist unholy
                  | torments (1 in 2 success). [demonic ancestry]
 17770 | Lair:6   | Reached XP level 14. HP: 80/108 MP: 14/14
 18753 | Lair:6   | Reached skill level 10 in Fighting
 18760 | Lair:6   | Reached skill level 16 in Unarmed Combat
 19547 | Lair:6   | Got a heavily runed iron ring
 19620 | Lair:6   | Identified the ring "Luhos" {EV+4 SInv} (You found it on
                  | level 6 of the Lair of Beasts)
 21008 | D:12     | Reached skill level 17 in Unarmed Combat
 21684 | D:13     | Reached XP level 15. HP: 114/115 MP: 15/15
 21791 | D:13     | Found a gate to the Vaults.
 22330 | D:13     | Found a shimmering blue altar of Sif Muna.
 22356 | D:13     | Found Wogerr's General Store.
 22357 | D:13     | Noticed Frances
 22366 | D:13     | Killed Frances
 22367 | D:13     | Reached skill level 18 in Unarmed Combat
 23970 | Orc:1    | Entered Level 1 of the Orcish Mines
 24395 | Orc:1    | Found Koghoem's Jewellery Emporium.
 24538 | Orc:1    | Gained mutation: You are frail. (-10% HP) [a neqoxec]
 24540 | Orc:1    | Gained mutation: Your spells are a little easier to cast,
                  | but a little less powerful. [a neqoxec]
 24541 | Orc:1    | Gained mutation: You tend to lose your temper in combat. [a
                  | neqoxec]
 24544 | Orc:1    | Gained mutation: You are clumsy. (Dex -2) [a neqoxec]
 24551 | Orc:1    | Gained mutation: Your body sometimes deteriorates upon
                  | taking damage. [a neqoxec]
 24597 | Orc:1    | Found a bloodstained altar of Trog.
 25123 | Orc:2    | Entered Level 2 of the Orcish Mines
 25165 | Orc:2    | Reached skill level 19 in Unarmed Combat
 25576 | Orc:1    | Paralysed by an orc sorcerer for 2 turns
 25743 | Orc:2    | Found a staircase to the Elven Halls.
 26654 | Orc:2    | Found a roughly hewn altar of Beogh.
 26772 | Orc:2    | Found Qepukaip's Magic Scroll Emporium.
 26824 | Orc:2    | Slain by an orc knight

Illustrated notes

Levels and vault maps discovered:
D:1:      noname_arrival_rooms_in_the_neighbourhood, layout_loops_ring,
          minmay_misc_feat_five
D:2:      layout_rooms, small_statue_intersection,
          hangedman_decor_diamond_cutter, chequers_serial_rivers_small_b,
          uniq_jessica
D:3:      layout_basic, uniq_grinder, uniq_terence
D:4:      layout_loops_ring
D:5:      layout_cave_pools, minmay_temple_entry_butterflies
D:6:      layout_rooms, overflow_temple_1_default, uniq_duvessa, uniq_maggie
D:7:      nzn_winding_woodlands_stair_cross
          [nzn_winding_woodlands_5x15_concentric,
          nzn_winding_woodlands_center_diamonds,
          nzn_winding_woodlands_5x15_sawtooth, nzn_winding_woodlands_5x5_cross,
          nzn_winding_woodlands_5x5_perimeter,
          nzn_winding_woodlands_5x15_garden, nzn_winding_woodlands_center_lodge,
          nzn_winding_woodlands_5x15_river_crossing], layout_loops_ring,
          minmay_microvault
D:8:      layout_basic
D:9:      minmay_inner_zag, layout_loops_ring
D:10:     layout_long_grid, dpeg_lair_monsters, erik_orc_1, minmay_ruined_shrine
D:11:     layout_roguey
D:12:     layout_small_grid
D:13:     layout_rooms, hangedman_vaults_entry_quadrant_bands, basic_altar,
          serial_shops, shop, uniq_frances
D:14:     layout_cave_pools, chequers_serial_rivers_small_a
Temple:   regret_index_temple_sigil_plot
Lair:1:   layout_loops_ring, basic_altar
Lair:2:   layout_hall_layers, minmay_snake_entry_six_corridors,
          grunt_megastairs_3
Lair:3:   layout_cellular_growth, swamp_mist_pool, gammafunk_ghost_icy,
          grunt_megastairs_2
Lair:4:   layout_loops_ring, grunt_megastairs_5
Lair:5:   layout_loops_ring, slime_altar_1
Lair:6:   evilmike_catoblepas_cave, layout_concentric_octagons
Orc:1:    nicolae_orc_accident_1, layout_caves, basic_altar,
          minmay_shop_enchanted_jewellery
Orc:2:    st_orc_elflike, layout_caves, minmay_orc_temple_b

Skill      XL: |  1  2  3  4  5  6  7  8  9 10 11 12 13 14 15 |
---------------+----------------------------------------------+-----
Unarmed Combat | 3 4 6 8 10 12 13 15 17 19 | 19.2
Fighting       | 4 6 9 10 | 10.0
Armour         | 3 6 9 10 | 10.0
Dodging        | 4 7 9 10 | 10.1
Evocations     | 4 5 |  5.0
Stealth        | |  1.7

Action                   |  1- 3 |  4- 6 |  7- 9 | 10-12 | 13-15 || total
-------------------------+-------+-------+-------+-------+-------++-------
Melee: Unarmed           |   134 |   126 |   265 |   722 |  1327 ||  2574
       Kick              |    15 |    35 |   114 |   340 |   682 ||  1186
       Punch             |       |     2 |    10 |    41 |   167 ||   220
Invok: Lunge             |       |       |    18 |    37 |    76 ||   131
       Whirlwind         |       |       |     4 |     5 |    50 ||    59
  Use: Potion            |     2 |       |       |       |     1 ||     3
       Scroll            |     5 |     1 |     7 |    10 |    11 ||    34
 Stab: Distracted        |       |       |     1 |    11 |    11 ||    23
       Petrified         |       |       |       |       |     5 ||     5
Armor: Chain mail        |    78 |    35 |    73 |   238 |   511 ||   935
       Robe              |     1 |       |       |       |       ||     1
Dodge: Dodged            |    48 |    58 |    92 |   483 |  1054 ||  1735
Block: Other             |       |       |    46 |   126 |    38 ||   210
       Reflection        |       |       |     2 |     2 |       ||     4

Table legend: (Time is in decaauts)
 A = Elapsed time spent in this place.
 B = Non-inter-level travel time spent in this place.
 C = Inter-level travel time spent in this place.
 D = Time resting spent in this place.
 E = Time spent auto-exploring this place.
 F = Levels seen in this place.
 G = Mean time per level.
                   A        B        C        D        E       F      G
               +--------+--------+--------+--------+--------+-----+--------+
         Total |  26283 |  25145 |   1138 |   5016 |  16318 |  23 | 1142.7 |
       Dungeon |  15111 |  14345 |    766 |   3045 |   8936 |  14 | 1079.4 |
        Temple |    109 |     91 |     18 |      0 |     90 |   1 |  109.0 |
          Lair |   8800 |   8510 |    290 |   1177 |   6272 |   6 | 1466.7 |
  Orcish Mines |   2261 |   2199 |     62 |    794 |   1020 |   2 | 1130.5 |
               +--------+--------+--------+--------+--------+-----+--------+

Top non-repeatable levels by time:
  Lair:6: 2601 daAuts
    D:10: 1823 daAuts
     D:9: 1555 daAuts
  Lair:2: 1475 daAuts
    D:11: 1464 daAuts
    D:13: 1447 daAuts
   Orc:2: 1416 daAuts
     D:7: 1403 daAuts
  Lair:3: 1356 daAuts
  Lair:4: 1298 daAuts
    D:12: 1282 daAuts
     D:3: 1074 daAuts
  Lair:5: 1036 daAuts
  Lair:1: 1033 daAuts
     D:1: 933 daAuts
